 Dungeon Crawl Stone Soup version 0.32-a0-928-g1cae6b7ea0 (webtiles) character file.

Game seed: 17582173866717977484

70 Autsider the Apothecary (level 4, 0/21 HPs)
             Began as a Spriggan Alchemist on Apr 12, 2024.
             Slain by a river rat (6 damage)
             ... in a sewer.
             The game lasted 00:03:53 (2070 turns).

Autsider the Apothecary (Spriggan Alchemist)        Turns: 2070, Time: 00:03:54

Health: 0/21       AC:  2    Str:  4    XL:     4   Next: 3%
Magic:  8/9        EV: 16    Int: 18    God:
Gold:   88         SH:  0    Dex: 15    Spells: 8/9 levels left

rFire   . . .        r - +2 sling (flame)
rCold   . . .        (no shield)
rNeg    . . .        a - +0 robe
rPois   .            (helmet restricted)
rElec   .            (no cloak)
rCorr   .            (gloves unavailable)
SInv    +            (boots unavailable)
Will    .....        (no amulet)
Stlth   ++           (no ring)
HPRegen 0.23/turn    (no ring)
MPRegen 0.11/turn

%: no passive effects
@: very quick
A: very small, no large weapons, unfitting armour, see invisible, speed 3
a: no special abilities


You were in a sewer.
You visited 1 branch of the dungeon, and saw 3 of its levels.
You also visited: Sewer.

You collected 124 gold pieces.
You spent 36 gold pieces at shops.

Inventory:

Hand Weapons
 m - a +0 sling
 r - a +2 sling of flaming (weapon)
Armour
 a - a +0 robe (worn)
Jewellery
 d - a ring of poison resistance
 f - a ring of protection from fire
Scrolls
 i - a scroll of poison
 k - a scroll of fog {unknown}
 n - a scroll of enchant armour {unknown}
 o - a scroll of identify {unknown}
 p - a scroll of teleportation {unknown}
Potions
 b - a potion of magic
 c - a potion of invisibility {unknown}
 g - 2 potions of berserk rage {unknown}
 j - a potion of resistance {unknown}
 l - a potion of enlightenment {unknown}
 q - a potion of brilliance {unknown}


   Skills:
 - Level 3.0 Dodging
 - Level 3.0 Stealth
 - Level 3.0 Spellcasting
 - Level 0.6 Conjurations
 + Level 5.2 Alchemy


You had 8 spell levels left.
You knew the following spells:

 Your Spells              Type           Power      Damage    Failure   Level
a - Sting                 Conj/Alch      52%        1d6       4%          1

Your spell library contained the following spells:

 Spells                   Type           Power      Damage    Failure   Level
 Mercury Vapours          Alch/Air       24%        N/A       9%          2
 Slow                     Hex            8%         N/A       16%         1
 Olgreb's Toxic Radiance  Alch           21%        N/A       19%         4
 Mephitic Cloud           Conj/Alch/Air  9%         N/A       22%         3
 Confusing Touch          Hex            2%         N/A       43%         3
 Sigil of Binding         Hex            2%         N/A       43%         3
 Vampiric Draining        Necr           2%         2d6       43%         3
 Sticky Flame             Fire/Alch      12%        2d5       50%         4
 Death Channel            Necr           1%         N/A       100%        6
 Sculpt Simulacrum        Ice/Alch       6%         N/A       100%        6


Dungeon Overview and Level Annotations

Branches:
Dungeon (3/15)              Sewer (1/1)

Altars:
Elyvilon

Shops:
D:1 !


Innate Abilities, Weirdness & Mutations

You are very small and have problems with some larger weapons.
You are too small for most types of armour.
You have supernaturally acute eyesight. (SInv)
You cover ground extremely quickly. (Speed+++)


Message History

* * * LOW HITPOINT WARNING * * *
You enter the shallow water.
Moving in this stuff is going to be slow.
Casting: Sting (safe; 4% risk of failure)
Confirm with . or Enter, or press ? or * to list all spells.
Aiming: Sting (safe; 4% risk of failure)
Press: ? - help, Shift-Dir - straight line, f/p - river rat
Aim: a river rat (68% to hit)
Okay, then.
You feel better. The river rat bites you!
* * * LOW HITPOINT WARNING * * *
The river rat attacks as it pursues you!
The river rat closely misses you.
There is a gate leading back out of this place here.
Fire: r) +2 sling (flame)
Press: ? - help, Shift-Dir - straight line, f - rat, p - river rat
Aim: a rat (57% to hit)
You shoot a sling bullet.
The sling bullet hits the river rat but does no damage.
The river rat closely misses you. The river rat barely misses you.
You enter the shallow water.
Moving in this stuff is going to be slow.
A river rat comes into view.
As you read the scroll labelled YRUURAMAYJ, it crumbles to dust.
Your body is wracked with pain!
* * * LOW HITPOINT WARNING * * *
The river rat convulses! x3; It was a scroll of torment.
The river rat misses you.
You feel better. The river rat completely misses you. The river rat bites you.
* * * LOW HITPOINT WARNING * * *
Fire: r) +2 sling (flame)
Press: ? - help, Shift-Dir - straight line, f/p - rat
Aim: a rat (57% to hit)
Casting: Sting (safe; 4% risk of failure)
Confirm with . or Enter, or press ? or * to list all spells.
Aiming: Sting (safe; 4% risk of failure)
Press: ? - help, Shift-Dir - straight line, f/p - rat
Aim: a rat (71% to hit)
The sting misses the rat.
The river rat bites you.
You die...

#########
###~.~∩rr~###
#.~.~~∩r@~.r#
#~...~#####~r.~.#
#~.~## ##~~~#
#.~.# .~~# #~~.
~.# #~~ .# ## #


You could see 3 river rats and 2 rats.

Vanquished Creatures
  3 adders (D:2)
  2 dart slugs (D:1)
  A ribbon worm (D:3)
  A ball python (D:2)
  3 endoplasms
  2 giant cockroaches (D:2)
  3 goblins (D:2)
  5 hobgoblins
  6 bats
  6 frilled lizards
  A kobold (D:1)
  6 rats
39 creatures vanquished.

Notes
Turn   | Place    | Note
-------+----------+-------------------------------------------
     0 | D:1      | Autsider the Spriggan Alchemist began the quest for the
                  | Orb.
     0 | D:1      | Reached XP level 1. HP: 9/9 MP: 5/5
   100 | D:1      | Found Sayq's Distillery.
   290 | D:1      | Reached XP level 2. HP: 13/13 MP: 2/7
   890 | D:1      | Bought a potion of curing for 36 gold pieces
   910 | D:2      | Reached skill level 4 in Alchemy
  1294 | D:2      | Reached XP level 3. HP: 16/16 MP: 3/8
  1531 | D:2      | Reached skill level 5 in Alchemy
  1854 | D:2      | Found a white marble altar of Elyvilon.
  2022 | D:3      | Reached XP level 4. HP: 18/21 MP: 9/9
  2038 | D:3      | Found a glowing drain.
  2056 | Sewer    | Entered a sewer
  2070 | Sewer    | Slain by a river rat

Illustrated notes

Levels and vault maps discovered:
D:1:      dpeg_arrival_rooms_c, layout_loops_cross, serial_shops, shop,
          minmay_misc_feat_nine_boxes
D:2:      layout_basic, basic_altar, minmay_pentomino_pile
D:3:      layout_rooms, gammafunk_ghost_split, cheibrodos_sewer_entry_drain,
          minmay_misc_feat_diagonals, uniq_sigmund
Sewer:    sewer_hellmonk_bad_rat

Skill      XL: |  1  2  3 |
---------------+----------+-----
Dodging        | 3 |  3.0
Spellcasting   | 3 |  3.0
Alchemy        | 4 5 |  5.2
Stealth        | |  3.0
Conjurations   | |  0.6

Action                     |  1- 3 |  4- 6 || total
---------------------------+-------+-------++-------
  Melee: Unarmed           |    16 |       ||    16
         Punch             |     1 |       ||     1
   Fire: Sling             |    22 |     7 ||    29
   Cast: Sting             |    54 |     1 ||    55
    Use: Scroll            |     1 |     1 ||     2
         Potion            |       |     2 ||     2
   Stab: Sleeping          |     1 |       ||     1
 Armour: Robe              |    10 |     6 ||    16
  Dodge: Dodged            |    26 |     7 ||    33

Table legend: (Time is in decaauts)
 A = Elapsed time spent in this place.
 B = Non-inter-level travel time spent in this place.
 C = Inter-level travel time spent in this place.
 D = Time resting spent in this place.
 E = Time spent auto-exploring this place.
 F = Levels seen in this place.
 G = Mean time per level.
                   A        B        C        D        E       F      G
               +--------+--------+--------+--------+--------+-----+--------+
         Total |   1541 |   1469 |     72 |      0 |   1250 |   4 |  385.2 |
       Dungeon |   1527 |   1455 |     72 |      0 |   1250 |   3 |  509.0 |
         Sewer |     14 |     14 |      0 |      0 |      0 |   1 |   14.0 |
               +--------+--------+--------+--------+--------+-----+--------+

Top non-repeatable levels by time:
     D:2: 809 daAuts
     D:1: 647 daAuts
     D:3: 69 daAuts
   Sewer: 14 daAuts
